Patriotes vs Staline (R1)

Created - 3 avril 2016 at 19:18

Goals
1 2 3 OT1 T
Patriotes 2 2 1 0 5
Staline 2 3 0 1 6
Shots
1 2 3 OT1 T
Patriotes 13 8 8 0 29
Staline 9 18 12 1 40

1st period

1. Patriotes , Dwight King 16 (Ryan White, Lauri Tukonen) at 4:53
2. Patriotes , Andrew Gordon 28 (Zenon Konopka, Fedor Fedorov) at 9:08
3. Staline , Yan Stastny 22 (Jiri Tlusty, Bryan Bickell) at 10:57 (PP)
4. Staline , Andrei Loktionov 43 (Philip Larsen, Brian Gionta) at 11:58

Penalties :
Stephen Johns (Nyc) for Holding (Minor) at 2:06, Philip Larsen (StJ) for High sticking (Minor) at 4:56, Fedor Fedorov (Nyc) for High sticking (Minor) at 10:40

2nd period

5. Staline , Nick Spaling 24 (Mark Fraser, Cody Eakin) at 2:51
6. Patriotes , Christian Hanson 27 (Tomas Kurka, Anthony Bitetto) at 4:27
7. Staline , Yan Stastny 23 (Jiri Tlusty, Tobias Stephan) at 9:14 (PP)
8. Staline , Bryan Bickell 13 (Yan Stastny, Philip Larsen) at 14:29
9. Patriotes , Brett Skinner 4 (Unassisted) at 16:26

Penalties :
Greg Pateryn (StJ) for Roughing (Minor) at 4:35, Andreas Nodl (Nyc) for Roughing (Minor) at 7:51, David Desharnais (StJ) for Holding (Minor) at 11:25, Brian Gionta (StJ) for Tripping (Minor) at 16:49

3rd period

10. Patriotes , Andreas Nodl 46 (Tomas Kurka, Christian Hanson) at 12:51 (PP)

Penalties :
Jiri Sekac (StJ) for Holding Stick (Minor) at 6:50, Dwight King (Nyc) for Hooking (Minor) at 9:43, Bryan Bickell (StJ) for Tripping (Minor) at 12:46

Overtime #1

11. Staline , Mark Fraser 1 (Stu Bickel) at 4:02 (PP)

Penalties :
Nigel Williams (Nyc) for Hooking (Minor) at 3:03

Goalie Stats

Marek Schwarz (Nyc), 19 saves from 24 shots - (0,792), 34:29 minutes
Jason Missiaen (Nyc), 15 saves from 16 shots - (0,938), OTL, 3-6-2, 29:33 minutes
Tobias Stephan (StJ), 24 saves from 29 shots - (0,828), W, 30-15-2, 64:02 minutes

Players Stats for Patriotes

Player Name              G  A  P  +/- PIM S  H  SB GA TA FO     MP     PP MP  PK MP  
------------------------------------------------------------------------------------
Andreas Nodl             1  0  1   0  2   4  4  1  1  1  1/1    23:05   5:19   2:36 
Andrew Gordon            1  0  1   1  0   2  3  1  0  1  0/0    18:44   4:23   1:20 
Anthony Bitetto          0  1  1   0  0   1  1  0  0  0  0/0    11:37   0:00   0:00 
Austin Watson            0  0  0   0  0   0  0  0  0  0  0/0     0:00   0:00   0:00 
Brett Skinner            1  0  1   0  0   1  0  4  1  2  0/0    29:55   5:46   3:41 
Christian Hanson         1  1  2   0  0   2  2  0  0  1  22/32  19:25   5:16   0:21 
Dale Weise               0  0  0   0  0   0  0  0  0  0  0/0     0:00   0:00   0:00 
Dwight King              1  0  1   1  2   5  2  0  0  0  0/0     9:37   0:00   0:00 
Fedor Fedorov            0  1  1   1  2   2  1  0  0  0  0/0    18:38   4:23   1:31 
Jared Knight             0  0  0   0  0   0  0  0  0  0  0/0     0:00   0:00   0:00 
Joakim Andersson         0  0  0   0  0   0  0  0  0  0  0/1     2:13   0:30   0:00 
Joe Charlebois           0  0  0   1  0   2  2  1  1  3  0/0    29:51   5:46   3:41 
Jordan Samuels-Thomas    0  0  0   0  0   0  0  0  0  0  0/0     3:59   0:27   1:17 
Lauri Tukonen            0  1  1   1  0   2  0  0  0  1  0/1    10:15   0:09   0:00 
Matt Calvert             0  0  0  -1  0   0  0  0  0  0  0/0     7:30   0:00   0:00 
Melker Karlsson          0  0  0  -1  0   0  2  0  1  0  1/3     7:30   0:00   0:00 
Nigel Williams           0  0  0   0  2   2  1  3  0  0  0/0    22:29   4:14   2:36 
Ryan Spooner             0  0  0   0  0   0  0  0  0  0  0/0     2:43   0:00   1:20 
Ryan White               0  1  1   1  0   1  0  0  0  0  2/5     9:31   0:00   0:00 
Stephen Johns            0  0  0   0  2   1  0  1  0  0  0/0    11:54   0:00   0:19 
Timothy Kunes            0  0  0   0  0   2  3  6  0  1  0/0    22:49   4:14   2:55 
Tomas Kurka              0  2  2   0  0   2  1  0  2  0  4/9    24:04   5:10   3:49 
Zack Stortini            0  0  0  -1  0   0  0  0  0  0  0/0     7:30   0:00   0:00 
Zenon Konopka            0  1  1   1  0   0  3  2  0  0  3/7    16:07   4:23   0:00 

Players Stats for Staline

Player Name              G  A  P  +/- PIM S  H  SB GA TA FO     MP     PP MP  PK MP  
------------------------------------------------------------------------------------
Aaron Ness               0  0  0  -1  0   1  1  1  0  1  0/0    13:34   0:00   1:18 
Andrei Loktionov         1  0  1   1  0   4  2  0  0  0  19/36  24:47   2:42   4:57 
Brendan Shinnimin        0  0  0   0  0   0  0  0  0  1  0/0     2:52   0:00   2:16 
Brian Gionta             0  1  1   1  2   6  2  1  2  0  2/5    21:52   2:42   2:31 
Bryan Bickell            1  1  2   0  2   2  2  0  0  0  0/0    15:00   2:56   1:47 
Cody Eakin               0  1  1  -2  0   7  1  0  0  0  1/2     7:49   0:00   0:33 
Danny Kristo             0  0  0  -2  0   2  2  0  0  0  0/0     7:16   0:00   0:00 
David Desharnais         0  0  0   0  2   2  0  0  1  1  4/8    11:42   0:00   0:00 
David Kolomatis          0  0  0  -1  0   2  0  0  0  0  0/0    12:27   0:00   0:00 
Greg Pateryn             0  0  0   0  2   0  0  0  0  0  0/0     2:39   0:00   0:58 
James Sheppard           0  0  0   0  0   1  1  0  0  0  0/0    11:20   0:00   0:00 
Jiri Sekac               0  0  0  -2  2   1  0  0  0  0  0/0     7:15   0:00   0:00 
Jiri Tlusty              0  2  2  -1  0   0  2  0  1  0  0/1    17:08   2:56   3:06 
Jordan Caron             0  0  0   0  0   0  2  0  0  0  0/0    11:20   0:00   0:00 
Mark Fraser              1  1  2   1  0   4  2  2  0  0  0/0    27:54   3:09   5:46 
Mark Mitera              0  0  0  -1  0   0  3  1  1  1  0/0    21:42   2:29   3:32 
Mark Stone               0  0  0   1  0   0  0  0  0  0  0/0     1:17   0:00   0:00 
Nick Spaling             1  0  1   1  0   3  2  1  1  1  0/1    16:57   2:42   0:00 
Peter Holland            0  0  0   0  0   0  0  0  0  0  0/0     0:54   0:00   0:00 
Philip Larsen            0  2  2  -1  2   0  1  0  0  1  0/0    20:53   2:29   2:41 
Stu Bickel               0  1  1   1  0   2  3  3  3  0  0/0    29:10   3:09   5:45 
Yan Stastny              2  1  3   0  0   3  1  0  1  0  0/6    20:14   2:56   4:50 

3 Stars

1 - Yan Stastny (StJ)
2 - Mark Fraser (StJ)
3 - Christian Hanson (Nyc)

Power Play

Patriotes - 1 on 6 Attempt(s) - 16,67%
Staline - 3 on 6 Attempt(s) - 50,00%

Penalty Kill

Patriotes - 3 on 6 Attempt(s) - 50,00% - Score 0 goal in Penalty Kill
Staline - 5 on 6 Attempt(s) - 83,33% - Score 0 goal in Penalty Kill

Team Stat

Patriotes - Hits : 25 - Faceoff Wins : 33 - Blocked Shots : 19 - Penalty Minutes : 10
Staline - Hits : 27 - Faceoff Wins : 26 - Blocked Shots : 9 - Penalty Minutes : 12

Official

Referees : Joannette Marc and Furlatt Eric
Linesman : Shane Heyer and Jonny Murray

Game Notes

Jason Missiaen enters game at 14:29 of 2nd period
16:26 of 2nd period - Penalty Shot by Brett Skinner for Patriotes - Goal!

Finance

Level 1 -- Attendance: 1610 (80,50%) -- Ticket Income 56 350 $
Level 2 -- Attendance: 773 (77,30%) -- Ticket Income 11 595 $
Total Attendance: 2383 (79,43%)
Total Ticket Income: 67 945 $
Other Income: 3 397 $
Total Income: 71 342 $

Patriotes

5 vs 5 Forward 
   Center                   Left Wing                Right Wing               Time % Phy DF OF 
 1 Christian Hanson         Tomas Kurka              Andreas Nodl             40     1   2  2  
 2 Zenon Konopka            Fedor Fedorov            Andrew Gordon            30     1   2  2  
 3 Ryan White               Dwight King              Lauri Tukonen            20     1   2  2  
 4 Melker Karlsson          Matt Calvert             Zack Stortini            10     1   2  2  

5 vs 5 Defense 
   Defense                  Defense                                           Time % Phy DF OF 
 1 Brett Skinner            Joe Charlebois                                    40     1   2  2  
 2 Timothy Kunes            Nigel Williams                                    30     1   2  2  
 3 Anthony Bitetto          Stephen Johns                                     20     1   2  2  
 4 Brett Skinner            Joe Charlebois                                    10     1   2  2  

PowerPlay Forward 
   Center                   Left Wing                Right Wing               Time % Phy DF OF 
 1 Christian Hanson         Tomas Kurka              Andreas Nodl             60     1   2  2  
 2 Zenon Konopka            Fedor Fedorov            Andrew Gordon            40     1   2  2  

PowerPlay Defense
   Defense                  Defense                                           Time % Phy DF OF 
 1 Brett Skinner            Joe Charlebois                                    60     1   2  2  
 2 Timothy Kunes            Nigel Williams                                    40     1   2  2  

Penalty Kill 4 Players Forward 
   Center                   Wing                     Time % Phy DF OF 
 1 Tomas Kurka              Andreas Nodl             60     1   2  2  
 2 Andrew Gordon            Fedor Fedorov            40     1   2  2  

Penalty Kill 4 Players Defense
   Defense                  Defense                  Time % Phy DF OF 
 1 Brett Skinner            Joe Charlebois           60     1   2  2  
 2 Timothy Kunes            Nigel Williams           40     1   2  2  

Penalty Kill - 3 Players Forward 
   Forward                                           Time % Phy DF OF 
 1 Tomas Kurka                                       60     1   2  2  
 2 Andreas Nodl                                      40     1   2  2  

Penalty Kill - 3 Players Defense
   Defense                  Defense                  Time % Phy DF OF 
 1 Brett Skinner            Joe Charlebois           60     1   2  2  
 2 Timothy Kunes            Nigel Williams           40     1   2  2  

4 vs 4 Forward 
   Center                   Wing                     Time % Phy DF OF 
 1 Tomas Kurka              Andreas Nodl             60     1   2  2  
 2 Andrew Gordon            Fedor Fedorov            40     1   2  2  

4 vs 4 Defense
   Defense                  Defense                  Time % Phy DF OF 
 1 Brett Skinner            Joe Charlebois           60     1   2  2  
 2 Timothy Kunes            Nigel Williams           40     1   2  2  

Last Minutes Offensive
   Center                   Left Wing                Right Wing               Defense                  Defense                  
   Christian Hanson         Tomas Kurka              Andreas Nodl             Brett Skinner            Joe Charlebois           

Last Minutes Defensive
   Center                   Left Wing                Right Wing               Defense                  Defense                  
   Christian Hanson         Tomas Kurka              Andreas Nodl             Brett Skinner            Joe Charlebois           

Goaltenders
Starting : Marek Schwarz            
Backup : Jason Missiaen           

Extra Forwards
Normal : Joakim Andersson, Jordan Samuels-Thomas, Ryan Spooner - PP : Joakim Andersson, Jordan Samuels-Thomas - PK : Ryan Spooner
Extra Defensemen
Normal : Anthony Bitetto, Stephen Johns, Timothy Kunes - PP : Anthony Bitetto - PK : Stephen Johns, Timothy Kunes
Penalty Shots
Tomas Kurka, Andreas Nodl, Andrew Gordon, Fedor Fedorov, Christian Hanson

Staline

5 vs 5 Forward 
   Center                   Left Wing                Right Wing               Time % Phy DF OF 
 1 Andrei Loktionov         Nick Spaling             Brian Gionta             40     1   2  2  
 2 Yan Stastny              Bryan Bickell            Jiri Tlusty              30     1   2  2  
 3 David Desharnais         James Sheppard           Jordan Caron             20     1   2  2  
 4 Cody Eakin               Jiri Sekac               Danny Kristo             10     1   2  2  

5 vs 5 Defense 
   Defense                  Defense                                           Time % Phy DF OF 
 1 Stu Bickel               Mark Fraser                                       40     1   2  2  
 2 Philip Larsen            Mark Mitera                                       30     1   2  2  
 3 David Kolomatis          Aaron Ness                                        20     1   2  2  
 4 Greg Pateryn             Stu Bickel                                        10     1   2  2  

PowerPlay Forward 
   Center                   Left Wing                Right Wing               Time % Phy DF OF 
 1 Andrei Loktionov         Nick Spaling             Brian Gionta             60     1   2  2  
 2 Yan Stastny              Bryan Bickell            Jiri Tlusty              40     1   2  2  

PowerPlay Defense
   Defense                  Defense                                           Time % Phy DF OF 
 1 Stu Bickel               Mark Fraser                                       60     1   2  2  
 2 Philip Larsen            Mark Mitera                                       40     1   2  2  

Penalty Kill 4 Players Forward 
   Center                   Wing                     Time % Phy DF OF 
 1 Andrei Loktionov         Yan Stastny              60     1   2  2  
 2 Brian Gionta             Jiri Tlusty              40     1   2  2  

Penalty Kill 4 Players Defense
   Defense                  Defense                  Time % Phy DF OF 
 1 Stu Bickel               Mark Fraser              60     1   2  2  
 2 Philip Larsen            Mark Mitera              40     1   2  2  

Penalty Kill - 3 Players Forward 
   Forward                                           Time % Phy DF OF 
 1 Andrei Loktionov                                  60     1   2  2  
 2 Yan Stastny                                       40     1   2  2  

Penalty Kill - 3 Players Defense
   Defense                  Defense                  Time % Phy DF OF 
 1 Stu Bickel               Mark Fraser              60     1   2  2  
 2 Philip Larsen            Mark Mitera              40     1   2  2  

4 vs 4 Forward 
   Center                   Wing                     Time % Phy DF OF 
 1 Andrei Loktionov         Yan Stastny              60     1   2  2  
 2 Brian Gionta             Jiri Tlusty              40     1   2  2  

4 vs 4 Defense
   Defense                  Defense                  Time % Phy DF OF 
 1 Stu Bickel               Mark Fraser              60     1   2  2  
 2 Philip Larsen            Mark Mitera              40     1   2  2  

Last Minutes Offensive
   Center                   Left Wing                Right Wing               Defense                  Defense                  
   Andrei Loktionov         Nick Spaling             Brian Gionta             Stu Bickel               Mark Fraser              

Last Minutes Defensive
   Center                   Left Wing                Right Wing               Defense                  Defense                  
   Andrei Loktionov         Nick Spaling             Brian Gionta             Stu Bickel               Mark Fraser              

Goaltenders
Starting : Tobias Stephan           
Backup : Allen York               

Extra Forwards
Normal : Mark Stone, Peter Holland, Brendan Shinnimin - PP : Mark Stone, Peter Holland - PK : Brendan Shinnimin
Extra Defensemen
Normal : David Kolomatis, Aaron Ness, Greg Pateryn - PP : David Kolomatis - PK : Aaron Ness, Greg Pateryn
Penalty Shots
Andrei Loktionov, Yan Stastny, Brian Gionta, Jiri Tlusty, Nick Spaling

% Time on Ice - Patriotes

Lines # - Real PCT - Wanted PCT - Time Play
Normal Forward
1 - 35% - 40% - 15:30
2 - 27% - 30% - 11:51
3 - 21% - 20% - 9:31
4 - 17% - 10% - 7:30
Normal Defense
1 - 41% - 40% - 18:13
2 - 32% - 30% - 14:18
3 - 25% - 20% - 11:02
4 - 2% - 10% - 0:49
PP Forward
1 - 56% - 60% - 5:37
2 - 44% - 40% - 4:23
PP Defense
1 - 58% - 60% - 5:46
2 - 42% - 40% - 4:14
PK Forward
1 - 76% - 60% - 4:18
2 - 24% - 40% - 1:20
PK Defense
1 - 54% - 60% - 3:02
2 - 46% - 40% - 2:36
PK3 Forward
1 - 81% - 60% - 0:47
2 - 19% - 40% - 0:11
PK3 Defense
1 - 67% - 60% - 0:39
2 - 33% - 40% - 0:19
44 Forward
1 - 71% - 60% - 2:10
2 - 29% - 40% - 0:54
44 Defense
1 - 55% - 60% - 1:42
2 - 45% - 40% - 1:22
Last Minute Offensive  - 0:00
Last Minute Defensive  - 0:00
Total
Forward - 64:02
Defense - 64:02

% Time on Ice - Staline

Lines # - Real PCT - Wanted PCT - Time Play
Normal Forward
1 - 35% - 40% - 15:38
2 - 23% - 30% - 10:08
3 - 26% - 20% - 11:20
4 - 16% - 10% - 7:16
Normal Defense
1 - 38% - 40% - 16:50
2 - 32% - 30% - 14:23
3 - 26% - 20% - 11:44
4 - 3% - 10% - 1:25
PP Forward
1 - 48% - 60% - 2:42
2 - 52% - 40% - 2:56
PP Defense
1 - 56% - 60% - 3:09
2 - 44% - 40% - 2:29
PK Forward
1 - 69% - 60% - 6:54
2 - 31% - 40% - 3:06
PK Defense
1 - 64% - 60% - 6:22
2 - 36% - 40% - 3:38
PK3 Forward
1 - 0% - 60%
2 - 0% - 40%
PK3 Defense
1 - 0% - 60%
2 - 0% - 40%
44 Forward
1 - 74% - 60% - 3:00
2 - 26% - 40% - 1:02
44 Defense
1 - 67% - 60% - 2:41
2 - 33% - 40% - 1:21
Last Minute Offensive  - 0:00
Last Minute Defensive  - 0:00
Total
Forward - 64:02
Defense - 64:02

Play by Play

1st period


0:01 of 1st period - Christian Hanson wins face-off versus Andrei Loktionov in neutral zone.
0:04 of 1st period - Mark Fraser is hit by Joe Charlebois and loses puck.
0:32 of 1st period - Wrist shot by Yan Stastny.
0:32 of 1st period - Shot Misses the Net.
0:44 of 1st period - Wrist shot by Matt Calvert.
0:44 of 1st period - Shot Misses the Net.
1:34 of 1st period - Wrist shot by Tomas Kurka.
1:34 of 1st period - Shot Misses the Net.
1:36 of 1st period - Snap shot by Nigel Williams.
1:36 of 1st period - Stopped by Tobias Stephan with a rebound.
1:38 of 1st period - Wrist shot by Andreas Nodl.
1:38 of 1st period - Shot Misses the Net.
2:06 of 1st period - Minor Penalty to Stephen Johns for Holding.
2:07 of 1st period - Andrei Loktionov wins face-off versus Tomas Kurka in Patriotes zone.
3:22 of 1st period - Philip Larsen is hit by Andreas Nodl and loses puck.
4:06 of 1st period - Penalty to Stephen Johns is over, Stephen Johns is back on ice.
4:27 of 1st period - Slapshot by Timothy Kunes.
4:27 of 1st period - Stopped by Tobias Stephan with a rebound.
4:29 of 1st period - Slapshot by Timothy Kunes.
4:29 of 1st period - Stopped by Tobias Stephan with a rebound.
4:53 of 1st period - Wrist shot by Dwight King.
4:53 of 1st period - Goal by Dwight King - Patriotes : 1 - Staline : 0.
4:54 of 1st period - Andrei Loktionov wins face-off versus Zenon Konopka in neutral zone.
4:56 of 1st period - Minor Penalty to Philip Larsen for High sticking.
4:57 of 1st period - Andrei Loktionov wins face-off versus Christian Hanson in Staline zone.
5:07 of 1st period - Wrist shot by Tomas Kurka.
5:07 of 1st period - Stopped by Tobias Stephan with a rebound.
5:09 of 1st period - Slapshot by Joe Charlebois.
5:09 of 1st period - Stopped by Tobias Stephan with a rebound.
6:56 of 1st period - Penalty to Philip Larsen is over, Philip Larsen is back on ice.
6:58 of 1st period - Icing by Lauri Tukonen.
6:59 of 1st period - David Desharnais wins face-off versus Joakim Andersson in Patriotes zone.
7:10 of 1st period - Snap shot by David Desharnais.
7:10 of 1st period - Shot Misses the Net.
7:30 of 1st period - Wrist shot by Lauri Tukonen.
7:30 of 1st period - Stopped by Tobias Stephan without a rebound.
7:31 of 1st period - Zenon Konopka wins face-off versus Andrei Loktionov in Staline zone.
7:58 of 1st period - Jiri Tlusty is hit by Andreas Nodl.
8:06 of 1st period - Andreas Nodl is hit by Bryan Bickell and loses puck.
8:21 of 1st period - Wrist shot by Cody Eakin.
8:21 of 1st period - Shot Misses the Net.
8:23 of 1st period - Snap shot by Cody Eakin.
8:23 of 1st period - Stopped by Marek Schwarz without a rebound.
8:24 of 1st period - Zenon Konopka wins face-off versus Cody Eakin in Patriotes zone.
8:43 of 1st period - Fedor Fedorov is hit by Danny Kristo and loses puck.
9:08 of 1st period - Slapshot by Andrew Gordon.
9:08 of 1st period - Goal by Andrew Gordon - Patriotes : 2 - Staline : 0.
9:09 of 1st period - Brian Gionta wins face-off versus Christian Hanson in neutral zone.
9:34 of 1st period - Brett Skinner is hit by Bryan Bickell and loses puck.
9:45 of 1st period - Wrist shot by Yan Stastny.
9:45 of 1st period - Shot Misses the Net.
9:47 of 1st period - Wrist shot by Yan Stastny.
9:47 of 1st period - Shot Blocked by Brett Skinner.
9:59 of 1st period - Wrist shot by James Sheppard.
9:59 of 1st period - Shot Blocked by Brett Skinner.
10:01 of 1st period - Snap shot by David Desharnais.
10:01 of 1st period - Stopped by Marek Schwarz with a rebound.
10:40 of 1st period - Minor Penalty to Fedor Fedorov for High sticking.
10:41 of 1st period - Tomas Kurka wins face-off versus Yan Stastny in Patriotes zone.
10:57 of 1st period - Wrist shot by Yan Stastny.
10:57 of 1st period - Goal by Yan Stastny - Patriotes : 2 - Staline : 1.
10:58 of 1st period - Tomas Kurka wins face-off versus Brian Gionta in neutral zone.
11:23 of 1st period - Tomas Kurka is hit by Stu Bickel and loses puck.
11:44 of 1st period - Yan Stastny is hit by Christian Hanson.
11:52 of 1st period - Snap shot by Bryan Bickell.
11:52 of 1st period - Stopped by Marek Schwarz without a rebound.
11:53 of 1st period - Brian Gionta wins face-off versus Ryan White in Patriotes zone.
11:54 of 1st period - Wrist shot by Andrei Loktionov.
11:54 of 1st period - Shot Misses the Net.
11:56 of 1st period - Wrist shot by Philip Larsen.
11:56 of 1st period - Shot Misses the Net.
11:58 of 1st period - Snap shot by Andrei Loktionov.
11:58 of 1st period - Goal by Andrei Loktionov - Patriotes : 2 - Staline : 2.
11:59 of 1st period - Andrei Loktionov wins face-off versus Ryan White in neutral zone.
12:02 of 1st period - Joe Charlebois is hit by Brian Gionta and loses puck.
12:51 of 1st period - Fedor Fedorov is hit by Mark Mitera and loses puck.
13:06 of 1st period - Brian Gionta is hit by Melker Karlsson.
13:09 of 1st period - Off-side.
13:10 of 1st period - Andrei Loktionov wins face-off versus Melker Karlsson in neutral zone.
13:35 of 1st period - Snap shot by Andreas Nodl.
13:35 of 1st period - Stopped by Tobias Stephan with a rebound.
14:45 of 1st period - David Kolomatis is hit by Timothy Kunes.
15:02 of 1st period - Philip Larsen is hit by Tomas Kurka and loses puck.
15:28 of 1st period - Slapshot by Brian Gionta.
15:28 of 1st period - Stopped by Marek Schwarz with a rebound.
15:30 of 1st period - Wrist shot by Andrei Loktionov.
15:30 of 1st period - Shot Hit the Post.
15:38 of 1st period - Snap shot by Andrei Loktionov.
15:38 of 1st period - Shot Blocked by Zenon Konopka.
15:40 of 1st period - Wrist shot by Philip Larsen.
15:40 of 1st period - Shot Blocked by Brett Skinner.
15:42 of 1st period - Backhand shot by Brian Gionta.
15:42 of 1st period - Shot Misses the Net.
15:44 of 1st period - Snap shot by Andrei Loktionov.
15:44 of 1st period - Stopped by Marek Schwarz without a rebound.
15:45 of 1st period - Christian Hanson wins face-off versus Yan Stastny in Patriotes zone.
15:45 of 1st period - Christian Hanson is hit by Jiri Tlusty.
15:51 of 1st period - Wrist shot by Andreas Nodl.
15:51 of 1st period - Stopped by Tobias Stephan without a rebound.
15:52 of 1st period - Christian Hanson wins face-off versus Yan Stastny in Staline zone.
15:57 of 1st period - Slapshot by Andreas Nodl.
15:57 of 1st period - Shot Misses the Net.
15:59 of 1st period - Wrist shot by Nigel Williams.
15:59 of 1st period - Shot Misses the Net.
16:27 of 1st period - Slapshot by Ryan White.
16:27 of 1st period - Stopped by Tobias Stephan with a rebound.
16:42 of 1st period - Snap shot by Cody Eakin.
16:42 of 1st period - Stopped by Marek Schwarz without a rebound.
16:43 of 1st period - Christian Hanson wins face-off versus Jiri Tlusty in Patriotes zone.
16:43 of 1st period - Christian Hanson is hit by Yan Stastny.
17:16 of 1st period - Wrist shot by Bryan Bickell.
17:16 of 1st period - Shot Misses the Net.
17:18 of 1st period - Slapshot by Aaron Ness.
17:18 of 1st period - Shot Misses the Net.
17:32 of 1st period - Snap shot by Dwight King.
17:32 of 1st period - Stopped by Tobias Stephan with a rebound.
17:52 of 1st period - Stu Bickel is hit by Timothy Kunes and loses puck.
18:11 of 1st period - Tomas Kurka is hit by Stu Bickel and loses puck.
18:16 of 1st period - Snap shot by Cody Eakin.
18:16 of 1st period - Shot Misses the Net.
18:18 of 1st period - Wrist shot by Philip Larsen.
18:18 of 1st period - Shot Blocked by Timothy Kunes.
18:20 of 1st period - Wrist shot by Danny Kristo.
18:20 of 1st period - Stopped by Marek Schwarz with a rebound.
18:30 of 1st period - Philip Larsen is hit by Zenon Konopka and loses puck.
18:48 of 1st period - Mark Mitera is hit by Dwight King and loses puck.
18:55 of 1st period - Snap shot by Dwight King.
18:55 of 1st period - Stopped by Tobias Stephan with a rebound.
Goals for this period are 2 for Patriotes vs 2 for Staline.
Shots for this period are 13 for Patriotes vs 9 for Staline.

2nd period


0:01 of 2nd period - Andrei Loktionov wins face-off versus Tomas Kurka in neutral zone.
0:26 of 2nd period - Stu Bickel is hit by Zenon Konopka and loses puck.
0:49 of 2nd period - Snap shot by Dwight King.
0:49 of 2nd period - Shot Blocked by Mark Mitera.
1:12 of 2nd period - Snap shot by James Sheppard.
1:12 of 2nd period - Shot Misses the Net.
1:14 of 2nd period - Wrist shot by David Desharnais.
1:14 of 2nd period - Stopped by Marek Schwarz without a rebound.
1:15 of 2nd period - Christian Hanson wins face-off versus Brian Gionta in Patriotes zone.
1:40 of 2nd period - Bryan Bickell is hit by Andrew Gordon.
2:49 of 2nd period - Snap shot by Cody Eakin.
2:49 of 2nd period - Stopped by Marek Schwarz with a rebound.
2:51 of 2nd period - Snap shot by Mark Fraser.
2:51 of 2nd period - Deflect By Nick Spaling.
2:51 of 2nd period - Goal by Nick Spaling - Patriotes : 2 - Staline : 3.
2:52 of 2nd period - Christian Hanson wins face-off versus Andrei Loktionov in neutral zone.
3:18 of 2nd period - Bryan Bickell is hit by Andrew Gordon and loses puck.
3:27 of 2nd period - Snap shot by Andrew Gordon.
3:27 of 2nd period - Stopped by Tobias Stephan with a rebound.
3:29 of 2nd period - Wrist shot by Zenon Konopka.
3:29 of 2nd period - Shot Blocked by Mark Fraser.
3:31 of 2nd period - Snap shot by Andrew Gordon.
3:31 of 2nd period - Shot Misses the Net.
3:50 of 2nd period - Snap shot by Dwight King.
3:50 of 2nd period - Stopped by Tobias Stephan with a rebound.
4:06 of 2nd period - Snap shot by Cody Eakin.
4:06 of 2nd period - Stopped by Marek Schwarz with a rebound.
4:08 of 2nd period - Snap shot by Danny Kristo.
4:08 of 2nd period - Stopped by Marek Schwarz with a rebound.
4:10 of 2nd period - Slapshot by David Kolomatis.
4:10 of 2nd period - Stopped by Marek Schwarz with a rebound.
4:25 of 2nd period - Slapshot by Anthony Bitetto.
4:25 of 2nd period - Shot Blocked by Nick Spaling.
4:27 of 2nd period - Wrist shot by Tomas Kurka.
4:27 of 2nd period - Deflect By Christian Hanson.
4:27 of 2nd period - Goal by Christian Hanson - Patriotes : 3 - Staline : 3.
4:28 of 2nd period - Christian Hanson wins face-off versus Andrei Loktionov in neutral zone.
4:33 of 2nd period - Slapshot by Joe Charlebois.
4:33 of 2nd period - Stopped by Tobias Stephan with a rebound.
4:35 of 2nd period - Minor Penalty to Greg Pateryn for Roughing.
4:36 of 2nd period - Andrei Loktionov wins face-off versus Christian Hanson in Staline zone.
5:31 of 2nd period - Mark Mitera is hit by Andreas Nodl and loses puck.
6:27 of 2nd period - Andreas Nodl is hit by Mark Fraser and loses puck.
6:35 of 2nd period - Penalty to Greg Pateryn is over, Greg Pateryn is back on ice.
6:46 of 2nd period - Snap shot by Matt Calvert.
6:46 of 2nd period - Shot Misses the Net.
6:48 of 2nd period - Wrist shot by Stephen Johns.
6:48 of 2nd period - Stopped by Tobias Stephan without a rebound.
6:49 of 2nd period - Melker Karlsson wins face-off versus David Desharnais in Staline zone.
7:31 of 2nd period - Jordan Caron is hit by Melker Karlsson and loses puck.
7:48 of 2nd period - Slapshot by David Desharnais.
7:48 of 2nd period - Deflect By James Sheppard.
7:48 of 2nd period - Stopped by Marek Schwarz without a rebound.
7:49 of 2nd period - Christian Hanson wins face-off versus Andrei Loktionov in Patriotes zone.
7:51 of 2nd period - Minor Penalty to Andreas Nodl for Roughing.
7:52 of 2nd period - Tomas Kurka wins face-off versus Andrei Loktionov in Patriotes zone.
8:18 of 2nd period - Stu Bickel is hit by Joe Charlebois and loses puck.
8:58 of 2nd period - Snap shot by Yan Stastny.
8:58 of 2nd period - Stopped by Marek Schwarz with a rebound.
9:14 of 2nd period - Wrist shot by Yan Stastny.
9:14 of 2nd period - Goal by Yan Stastny - Patriotes : 3 - Staline : 4.
9:15 of 2nd period - Andrei Loktionov wins face-off versus Zenon Konopka in neutral zone.
9:17 of 2nd period - Stu Bickel is hit by Nigel Williams and loses puck.
9:20 of 2nd period - Slapshot by Stu Bickel.
9:20 of 2nd period - Shot Misses the Net.
9:22 of 2nd period - Wrist shot by Nick Spaling.
9:22 of 2nd period - Shot Misses the Net.
9:24 of 2nd period - Slapshot by Stu Bickel.
9:24 of 2nd period - Deflect By Nick Spaling.
9:24 of 2nd period - Shot Misses the Net.
9:24 of 2nd period - Puck is out of play.
9:25 of 2nd period - Andrei Loktionov wins face-off versus Zenon Konopka in Patriotes zone.
9:29 of 2nd period - Wrist shot by Brian Gionta.
9:29 of 2nd period - Stopped by Marek Schwarz with a rebound.
9:31 of 2nd period - Snap shot by Andrei Loktionov.
9:31 of 2nd period - Shot Misses the Net.
9:33 of 2nd period - Slapshot by Mark Fraser.
9:33 of 2nd period - Shot Misses the Net.
9:35 of 2nd period - Wrist shot by Stu Bickel.
9:35 of 2nd period - Stopped by Marek Schwarz with a rebound.
9:37 of 2nd period - Wrist shot by Andrei Loktionov.
9:37 of 2nd period - Shot Blocked by Timothy Kunes.
9:39 of 2nd period - Slapshot by Mark Fraser.
9:39 of 2nd period - Stopped by Marek Schwarz with a rebound.
9:41 of 2nd period - Snap shot by Stu Bickel.
9:41 of 2nd period - Shot Misses the Net.
9:43 of 2nd period - Slapshot by Andrei Loktionov.
9:43 of 2nd period - Stopped by Marek Schwarz without a rebound.
9:44 of 2nd period - Christian Hanson wins face-off versus Yan Stastny in Patriotes zone.
9:55 of 2nd period - Wrist shot by Christian Hanson.
9:55 of 2nd period - Stopped by Tobias Stephan without a rebound.
9:56 of 2nd period - Andrei Loktionov wins face-off versus Christian Hanson in Staline zone.
10:01 of 2nd period - Snap shot by Nick Spaling.
10:01 of 2nd period - Stopped by Marek Schwarz with a rebound.
10:11 of 2nd period - Andreas Nodl is hit by Brian Gionta and loses puck.
11:09 of 2nd period - Icing by James Sheppard.
11:10 of 2nd period - Christian Hanson wins face-off versus David Desharnais in Staline zone.
11:23 of 2nd period - Snap shot by Tomas Kurka.
11:23 of 2nd period - Deflect By Andreas Nodl.
11:23 of 2nd period - Stopped by Tobias Stephan with a rebound.
11:25 of 2nd period - Minor Penalty to David Desharnais for Holding.
11:26 of 2nd period - Andrei Loktionov wins face-off versus Christian Hanson in Staline zone.
13:25 of 2nd period - Penalty to David Desharnais is over, David Desharnais is back on ice.
13:36 of 2nd period - Brian Gionta is hit by Dwight King and loses puck.
13:55 of 2nd period - Stephen Johns is hit by Cody Eakin and loses puck.
14:14 of 2nd period - Matt Calvert is hit by Jordan Caron and loses puck.
14:29 of 2nd period - Snap shot by Yan Stastny.
14:29 of 2nd period - Deflect By Bryan Bickell.
14:29 of 2nd period - Goal by Bryan Bickell - Patriotes : 3 - Staline : 5.
14:29 of 2nd period - Jason Missiaen enters game.
14:30 of 2nd period - Christian Hanson wins face-off versus Andrei Loktionov in neutral zone.
14:41 of 2nd period - Wrist shot by Andreas Nodl.
14:41 of 2nd period - Deflect By Tomas Kurka.
14:41 of 2nd period - Shot Misses the Net.
14:41 of 2nd period - Puck is out of play.
14:42 of 2nd period - Christian Hanson wins face-off versus Andrei Loktionov in Staline zone.
14:53 of 2nd period - Wrist shot by Andreas Nodl.
14:53 of 2nd period - Shot Blocked by Stu Bickel.
14:55 of 2nd period - Slapshot by Andreas Nodl.
14:55 of 2nd period - Shot Blocked by Brian Gionta.
14:57 of 2nd period - Slapshot by Brett Skinner.
14:57 of 2nd period - Shot Blocked by Stu Bickel.
15:29 of 2nd period - Timothy Kunes is hit by Danny Kristo.
15:40 of 2nd period - Wrist shot by Jiri Sekac.
15:40 of 2nd period - Deflect By Danny Kristo.
15:40 of 2nd period - Shot Blocked by Nigel Williams.
15:40 of 2nd period - Puck is out of play.
15:41 of 2nd period - Christian Hanson wins face-off versus Nick Spaling in Patriotes zone.
15:46 of 2nd period - Wrist shot by Andrei Loktionov.
15:46 of 2nd period - Deflect By Nick Spaling.
15:46 of 2nd period - Stopped by Jason Missiaen with a rebound.
15:48 of 2nd period - Slapshot by Andrei Loktionov.
15:48 of 2nd period - Stopped by Jason Missiaen with a rebound.
15:52 of 2nd period - Wrist shot by Brian Gionta.
15:52 of 2nd period - Stopped by Jason Missiaen without a rebound.
15:53 of 2nd period - Andrei Loktionov wins face-off versus Christian Hanson in Patriotes zone.
16:06 of 2nd period - Wrist shot by Andrei Loktionov.
16:06 of 2nd period - Shot Blocked by Joe Charlebois.
16:08 of 2nd period - Slapshot by Brian Gionta.
16:08 of 2nd period - Shot Blocked by Andreas Nodl.
16:26 of 2nd period - Penalty Shot by Brett Skinner for Patriotes.
16:26 of 2nd period - Snap shot by Brett Skinner.
16:26 of 2nd period - Goal by Brett Skinner - Patriotes : 4 - Staline : 5.
16:27 of 2nd period - Christian Hanson wins face-off versus Andrei Loktionov in neutral zone.
16:28 of 2nd period - Christian Hanson wins face-off versus Andrei Loktionov in Patriotes zone.
16:49 of 2nd period - Minor Penalty to Brian Gionta for Tripping.
16:50 of 2nd period - Christian Hanson wins face-off versus Andrei Loktionov in Staline zone.
17:26 of 2nd period - Mark Mitera is hit by Fedor Fedorov and loses puck.
18:49 of 2nd period - Penalty to Brian Gionta is over, Brian Gionta is back on ice.
19:20 of 2nd period - Snap shot by Andrei Loktionov.
19:20 of 2nd period - Shot Misses the Net.
19:36 of 2nd period - Snap shot by Brian Gionta.
19:36 of 2nd period - Shot Blocked by Stephen Johns.
19:38 of 2nd period - Slapshot by Mark Mitera.
19:38 of 2nd period - Deflect By Yan Stastny.
19:38 of 2nd period - Shot Misses the Net.
19:38 of 2nd period - Puck is out of play.
19:39 of 2nd period - Ryan White wins face-off versus David Desharnais in Patriotes zone.
19:48 of 2nd period - Slapshot by Lauri Tukonen.
19:48 of 2nd period - Stopped by Tobias Stephan with a rebound.
Goals for this period are 2 for Patriotes vs 3 for Staline.
Shots for this period are 8 for Patriotes vs 18 for Staline.

3rd period


0:01 of 3rd period - Andreas Nodl wins face-off versus Andrei Loktionov in neutral zone.
0:14 of 3rd period - Snap shot by Tomas Kurka.
0:14 of 3rd period - Shot Blocked by Mark Fraser.
0:16 of 3rd period - Snap shot by Tomas Kurka.
0:16 of 3rd period - Stopped by Tobias Stephan without a rebound.
0:17 of 3rd period - Zenon Konopka wins face-off versus Yan Stastny in Staline zone.
0:18 of 3rd period - Snap shot by Fedor Fedorov.
0:18 of 3rd period - Stopped by Tobias Stephan with a rebound.
0:49 of 3rd period - Snap shot by Nigel Williams.
0:49 of 3rd period - Stopped by Tobias Stephan with a rebound.
1:05 of 3rd period - Wrist shot by Fedor Fedorov.
1:05 of 3rd period - Stopped by Tobias Stephan without a rebound.
1:06 of 3rd period - Christian Hanson wins face-off versus Andrei Loktionov in Staline zone.
1:31 of 3rd period - Jiri Tlusty is hit by Anthony Bitetto and loses puck.
1:40 of 3rd period - Snap shot by Ryan White.
1:40 of 3rd period - Shot Misses the Net.
1:42 of 3rd period - Wrist shot by Dwight King.
1:42 of 3rd period - Stopped by Tobias Stephan with a rebound.
1:54 of 3rd period - Zack Stortini is hit by Philip Larsen and loses puck.
2:10 of 3rd period - Icing by Joe Charlebois.
2:11 of 3rd period - Andrei Loktionov wins face-off versus Melker Karlsson in Patriotes zone.
2:12 of 3rd period - Slapshot by Brian Gionta.
2:12 of 3rd period - Stopped by Jason Missiaen without a rebound.
2:13 of 3rd period - Christian Hanson wins face-off versus Andrei Loktionov in Patriotes zone.
2:13 of 3rd period - Christian Hanson is hit by Nick Spaling.
2:46 of 3rd period - Snap shot by Aaron Ness.
2:46 of 3rd period - Shot Blocked by Brett Skinner.
3:11 of 3rd period - Icing by David Kolomatis.
3:12 of 3rd period - Cody Eakin wins face-off versus Christian Hanson in Staline zone.
3:35 of 3rd period - Wrist shot by Cody Eakin.
3:35 of 3rd period - Stopped by Jason Missiaen with a rebound.
3:37 of 3rd period - Slapshot by David Kolomatis.
3:37 of 3rd period - Shot Misses the Net.
3:43 of 3rd period - Wrist shot by Cody Eakin.
3:43 of 3rd period - Shot Blocked by Timothy Kunes.
3:45 of 3rd period - Slapshot by Aaron Ness.
3:45 of 3rd period - Shot Blocked by Timothy Kunes.
3:47 of 3rd period - Snap shot by David Kolomatis.
3:47 of 3rd period - Shot Misses the Net.
3:49 of 3rd period - Slapshot by Danny Kristo.
3:49 of 3rd period - Shot Misses the Net.
3:51 of 3rd period - Snap shot by Cody Eakin.
3:51 of 3rd period - Stopped by Jason Missiaen with a rebound.
3:53 of 3rd period - Slapshot by Aaron Ness.
3:53 of 3rd period - Shot Blocked by Timothy Kunes.
3:55 of 3rd period - Slapshot by Aaron Ness.
3:55 of 3rd period - Deflect By Cody Eakin.
3:55 of 3rd period - Stopped by Jason Missiaen with a rebound.
3:57 of 3rd period - Slapshot by David Kolomatis.
3:57 of 3rd period - Shot Misses the Net.
3:59 of 3rd period - Snap shot by Aaron Ness.
3:59 of 3rd period - Deflect By Andreas Nodl.
3:59 of 3rd period - Stopped by Jason Missiaen with a rebound.
4:01 of 3rd period - Snap shot by Danny Kristo.
4:01 of 3rd period - Deflect By Jiri Sekac.
4:01 of 3rd period - Stopped by Jason Missiaen without a rebound.
4:02 of 3rd period - Andrei Loktionov wins face-off versus Zenon Konopka in Patriotes zone.
5:32 of 3rd period - Wrist shot by Yan Stastny.
5:32 of 3rd period - Shot Misses the Net.
6:24 of 3rd period - Slapshot by Brian Gionta.
6:24 of 3rd period - Stopped by Jason Missiaen with a rebound.
6:50 of 3rd period - Minor Penalty to Jiri Sekac for Holding Stick.
6:51 of 3rd period - Andrei Loktionov wins face-off versus Christian Hanson in Staline zone.
7:04 of 3rd period - Snap shot by Timothy Kunes.
7:04 of 3rd period - Shot Misses the Net.
7:06 of 3rd period - Snap shot by Andreas Nodl.
7:06 of 3rd period - Shot Blocked by Stu Bickel.
7:16 of 3rd period - Yan Stastny is hit by Timothy Kunes and loses puck.
7:43 of 3rd period - Christian Hanson is hit by Mark Fraser and loses puck.
8:50 of 3rd period - Penalty to Jiri Sekac is over, Jiri Sekac is back on ice.
9:06 of 3rd period - Icing by Philip Larsen.
9:07 of 3rd period - David Desharnais wins face-off versus Ryan White in Staline zone.
9:24 of 3rd period - Snap shot by Jordan Caron.
9:24 of 3rd period - Shot Blocked by Nigel Williams.
9:43 of 3rd period - Minor Penalty to Dwight King for Hooking.
9:44 of 3rd period - Andrei Loktionov wins face-off versus Tomas Kurka in Patriotes zone.
9:44 of 3rd period - Wrist shot by Brian Gionta.
9:44 of 3rd period - Stopped by Jason Missiaen with a rebound.
9:46 of 3rd period - Slapshot by Mark Fraser.
9:46 of 3rd period - Stopped by Jason Missiaen without a rebound.
9:47 of 3rd period - Tomas Kurka wins face-off versus Andrei Loktionov in Patriotes zone.
10:36 of 3rd period - Brian Gionta is hit by Andrew Gordon and loses puck.
11:18 of 3rd period - Andrei Loktionov is hit by Andreas Nodl and loses puck.
11:27 of 3rd period - Andreas Nodl is hit by Andrei Loktionov and loses puck.
11:43 of 3rd period - Penalty to Dwight King is over, Dwight King is back on ice.
11:49 of 3rd period - Off-side.
11:50 of 3rd period - Ryan White wins face-off versus David Desharnais in neutral zone.
12:39 of 3rd period - Wrist shot by Matt Calvert.
12:39 of 3rd period - Shot Blocked by Aaron Ness.
12:41 of 3rd period - Slapshot by Anthony Bitetto.
12:41 of 3rd period - Stopped by Tobias Stephan without a rebound.
12:42 of 3rd period - Christian Hanson wins face-off versus Yan Stastny in Staline zone.
12:46 of 3rd period - Minor Penalty to Bryan Bickell for Tripping.
12:47 of 3rd period - Christian Hanson wins face-off versus Andrei Loktionov in Staline zone.
12:51 of 3rd period - Backhand shot by Andreas Nodl.
12:51 of 3rd period - Goal by Andreas Nodl - Patriotes : 5 - Staline : 5.
12:52 of 3rd period - Christian Hanson wins face-off versus Andrei Loktionov in neutral zone.
13:24 of 3rd period - Snap shot by Jiri Tlusty.
13:24 of 3rd period - Shot Blocked by Zenon Konopka.
13:26 of 3rd period - Slapshot by Stu Bickel.
13:26 of 3rd period - Stopped by Jason Missiaen with a rebound.
13:28 of 3rd period - Slapshot by Mark Fraser.
13:28 of 3rd period - Stopped by Jason Missiaen with a rebound.
13:30 of 3rd period - Wrist shot by Yan Stastny.
13:30 of 3rd period - Deflect By Jiri Tlusty.
13:30 of 3rd period - Shot Misses the Net.
13:30 of 3rd period - Puck is out of play.
13:31 of 3rd period - Christian Hanson wins face-off versus Brian Gionta in Patriotes zone.
13:31 of 3rd period - Christian Hanson is hit by Andrei Loktionov.
13:39 of 3rd period - Brian Gionta is hit by Christian Hanson and loses puck.
14:51 of 3rd period - Off-side.
14:52 of 3rd period - Andrei Loktionov wins face-off versus Christian Hanson in neutral zone.
14:55 of 3rd period - Snap shot by Nick Spaling.
14:55 of 3rd period - Shot Blocked by Timothy Kunes.
15:17 of 3rd period - Dwight King is hit by James Sheppard and loses puck.
16:03 of 3rd period - Snap shot by Danny Kristo.
16:03 of 3rd period - Shot Misses the Net.
16:05 of 3rd period - Slapshot by David Kolomatis.
16:05 of 3rd period - Stopped by Jason Missiaen with a rebound.
16:27 of 3rd period - Wrist shot by Brett Skinner.
16:27 of 3rd period - Stopped by Tobias Stephan without a rebound.
16:28 of 3rd period - David Desharnais wins face-off versus Lauri Tukonen in Staline zone.
17:05 of 3rd period - Christian Hanson is hit by Nick Spaling and loses puck.
17:16 of 3rd period - Mark Mitera is hit by Zenon Konopka and loses puck.
17:36 of 3rd period - Matt Calvert is hit by Mark Mitera and loses puck.
17:55 of 3rd period - Anthony Bitetto is hit by Jordan Caron and loses puck.
18:31 of 3rd period - Dwight King is hit by Mark Mitera.
18:45 of 3rd period - Wrist shot by Dwight King.
18:45 of 3rd period - Shot Misses the Net.
18:47 of 3rd period - Snap shot by Lauri Tukonen.
18:47 of 3rd period - Deflect By Dwight King.
18:47 of 3rd period - Shot Misses the Net.
18:47 of 3rd period - Puck is out of play.
18:48 of 3rd period - David Desharnais wins face-off versus Christian Hanson in Staline zone.
Goals for this period are 1 for Patriotes vs 0 for Staline.
Shots for this period are 8 for Patriotes vs 12 for Staline.

Overtime #1


0:01 of 1st overtime period - Andrei Loktionov wins face-off versus Tomas Kurka in neutral zone.
0:50 of 1st overtime period - Wrist shot by Brian Gionta.
0:50 of 1st overtime period - Shot Blocked by Andrew Gordon.
0:52 of 1st overtime period - Wrist shot by Jiri Tlusty.
0:52 of 1st overtime period - Shot Blocked by Nigel Williams.
2:20 of 1st overtime period - Timothy Kunes is hit by Stu Bickel.
2:39 of 1st overtime period - Andreas Nodl is hit by Aaron Ness and loses puck.
3:03 of 1st overtime period - Minor Penalty to Nigel Williams for Hooking.
3:04 of 1st overtime period - Andrei Loktionov wins face-off versus Tomas Kurka in Patriotes zone.
3:29 of 1st overtime period - Brett Skinner is hit by Jiri Tlusty.
4:02 of 1st overtime period - Snap shot by Mark Fraser.
4:02 of 1st overtime period - Goal by Mark Fraser - Patriotes : 5 - Staline : 6.
Goals for this period are 0 for Patriotes vs 1 for Staline.
Shots for this period are 0 for Patriotes vs 1 for Staline.